Cogmind - Beta 16 @@@ ROGUE MODE // 2025.11.09 @ 22:38:33 Player: taku_the_hopeless Result: Destroyed by G-47 Trooper with Particle Gun Performance ------------- Evolutions (0) 0 Regions Visited (1) 200 Robots Destroyed (25) 125 Value Destroyed (441) 441 Prototype IDs (0) 0 Alien Tech Used (0) 0 Bonus (-172) -172 TOTAL SCORE: 594 Bonus ------- Friendly Fire -172 Cogmind --------- Core Integrity 0/250 Matter 222/300 Energy 250/250 System Corruption 0% Temperature Warm (199) Movement Treading (160) Location -10/Materials Parts ------- > --- POWER (1) -------- Ion Engine > --- PROPULSION (2) --- Light Treads Light Treads > --- UTILITY (2) ------ Large Storage Unit Core Shielding > --- WEAPON (2) ------- Particle Gun Light Cannon > --- INVENTORY (15) --- Ion Engine Light Treads Light Treads Light Armor Plating Salvaging Laser Salvaging Laser Salvaging Laser Salvaging Laser Assault Rifle Assault Rifle Assault Rifle Peak State ------------ > --- POWER ------------ Ion Engine > --- PROPULSION ------- Aluminum Leg Aluminum Leg > --- UTILITY ---------- Small Storage Unit Improved Terrain Scanner > --- WEAPON ----------- Medium Laser Medium Laser > --- INVENTORY -------- Light Ion Engine Light Treads Light Treads Wheel Compact Wheel Improved Terrain Scanner Seismic Detector EM Pulse Gun [Rating: 10] Favorites ----------- Power Ion Engine Engine Ion Engine Propulsion Light Treads Treads Light Treads Leg Aluminum Leg Utility Small Storage Unit Device Improved Heat Sink Storage Small Storage Unit Protection Core Shielding Weapon Medium Laser Energy Gun Medium Laser Ballistic Gun Light Assault Rifle Ballistic Cannon Light Cannon Build | -11 -10 ------- Run | Yrd Mat Slots Evolved . | . . Power . | . . Propulsion . | . . Utility . | . . Weapon . | . . Parts Attached 24 | 9 15 Power 2 | 1 1 Engine 2 | 1 1 Core . | . . Reactor . | . . Propulsion 8 | 2 6 Treads 2 | . 2 Leg 6 | 2 4 Wheel . | . . Hover . | . . Flight . | . . Utility 6 | 3 3 Device 3 | 2 1 Storage 2 | 1 1 Processor . | . . Hackware . | . . Protection 1 | . 1 Artifact . | . . Weapon 8 | 3 5 Energy Gun 5 | 3 2 Energy Cannon . | . . Ballistic Gun 2 | . 2 Ballistic Cannon 1 | . 1 Launcher . | . . Special Weapon . | . . Impact Weapon . | . . Slashing Weapon . | . . Piercing Weapon . | . . Special Melee Weapon . | . . Unidentified Prototypes . | . . Parts Lost 5 | . 5 Power 1 | . 1 Propulsion 2 | . 2 Utility . | . . Weapon 2 | . 2 Highest Loss Streak 5 | . 5 To Critical Strikes . | . . Average Backups 7 | 5 8 Power . | . 1 Propulsion 2 | 3 2 Utility 1 | . 1 Weapon 3 | . 3 Tool/Special . | . . Unused Backups 14 | . 14 Power 2 | . 2 Propulsion 4 | . 4 Utility 2 | . 2 Weapon 6 | . 6 Tool/Special . | . . Average Slot Usage (%) 86 | . 86 Engine 12 | . 12 Treads 17 | . 17 Leg 9 | . 9 Device 7 | . 7 Storage 14 | . 14 Protection 1 | . 1 Energy Gun 15 | . 15 Ballistic Gun 3 | . 3 Ballistic Cannon 3 | . 3 Peak Build Rating 10 | 10 10 Average Rating 7 | 7 7 On Entrance 4 | . 8 Avg Prop Armor Cover (%) . | . . Naked Turns . | . . Heaviest Build 36 | 15 36 Greatest Support 40 | 20 40 Greatest Overweight (x) 4 | . 4 Average Overweight (x) . | . . Largest Inventory Capacity 15 | 8 15 Average Capacity 9 | 7 9 Most Carried 11 | 8 11 Average Carried 7 | 5 8 Final Capacity 15 | 8 15 Final Carried 11 | 8 11 Class Distribution -------------------- 100% | Mutant Dominant Class ---------------- Mutant | -10/Materials Resources | -11 -10 ----------- Run | Yrd Mat Matter Collected 482 | 287 195 Remotely . | . . Salvage Created 837 | 165 672 Parts 45 | 8 37 Haulers Intercepted 2 | . 2 Recyclers Shooed 3 | 1 2 Parts Field Recycled . | . . Retrieved Matter . | . . Parts Self-Destructed . | . . Prevented . | . . Parts Restored . | . . Kills | -11 -10 ------- Run | Yrd Mat Combat Hostiles Destroyed 12 | . 12 Guns 11 | . 11 Cannons 1 | . 1 Classes Destroyed 8 | 3 5 Worker 1 | 1 . Tunneler 4 | 4 . Hauler 2 | . 2 Recycler 3 | 1 2 Watcher 2 | . 2 Swarmer 3 | . 3 Grunt 7 | . 7 Federalist 3 | . 3 Best Kill Streak 3 | 3 3 Combat Bots Only 3 | . 3 Max Kills in Single Turn 1 | 1 1 Gunslinging . | . . Exploded . | . . Melee . | . . Uniques/NPCs Destroyed . | . . Combat | -11 -10 -------- Run | Yrd Mat Hostile Shots Fired 130 | . 130 Missed 38 | . 38 Hits 92 | . 92 Projectile 92 | . 92 Critical Strikes 3 | . 3 Actively Blocked 1 | . 1 Damage Taken 1073 | . 1073 Core 252 | . 252 Absorbed by Shields . | . . Redirected to Shielding 11 | . 11 Core Remaining (%) 100 | 100 . Volleys Fired 130 | 24 106 Largest 2 | 2 2 Hottest 100 | 100 100 Shots Fired 209 | 48 161 Gun 189 | 48 141 Cannon 20 | . 20 Launcher . | . . Special . | . . Kinetic 43 | . 43 Thermal 157 | 48 109 Explosive . | . . Electromagnetic 9 | . 9 Robot Hit Streak 15 | 4 15 Robot Miss Streak 4 | 4 4 Penetration Max . | . . Secondary Targets 2 | . 2 Max Gunslinging Chain 1 | . 1 Shots Hit Robots 124 | 22 102 Core Hits 44 | 7 37 Critical Kills . | . . Critical Parts Destroyed . | . . Critical Strikes 4 | . 4 Burn 4 | . 4 Melee Attacks . | . . Impact . | . . Slashing . | . . Piercing . | . . Sneak Attacks . | . . Combat Hostiles . | . . Follow-up Attacks . | . . Damage Inflicted 1614 | 284 1330 Guns 1371 | 280 1091 Cannons 234 | . 234 Explosions . | . . Melee . | . . Ramming 9 | 4 5 Kinetic 372 | . 372 Thermal 1206 | 280 926 Explosive . | . . Electromagnetic 27 | . 27 Impact . | . . Slashing . | . . Piercing . | . . Highest Corruption . | . . Average Corruption . | . . Corruption Purged . | . . Corruption Blocked . | . . Overload Shots . | . . Overflow Damage 8 | . 8 Projectiles 8 | . 8 Explosions . | . . Melee . | . . Knockbacks . | . . Impact . | . . Kinetic . | . . Secondary . | . . Self-Inflicted Damage . | . . Shots . | . . Rammed . | . . Targets Rammed 3 | 1 2 Kicked 3 | 1 2 Crushed . | . . Highest Temperature 507 | 156 507 Average Temperature 106 | 65 131 Received Heat Transfer 609 | . 609 Effects 6 | . 6 Shutdowns 2 | . 2 Energy Bleed 1 | . 1 Interference 3 | . 3 Siege Activations . | . . Martial Activations . | . . Shielding Activations . | . . Robots Disrupted . | . . Combat Hostiles . | . . Robots Corrupted . | . . Combat Hostiles . | . . Parts Fried . | . . Impact Corruptions . | . . Robots Melted . | . . Combat Hostiles . | . . Parts Melted 6 | . 6 Heat Transferred 3726 | 814 2912 Parts Sabotaged . | . . Parts Stolen . | . . Parts Stripped . | . . Power Chain Reactions . | . . Alert | -11 -10 ------- Run | Yrd Mat Maximum Alert Level . | . . Low Security (%) 100 | 100 100 Level 1 . | . . Level 2 . | . . Level 3 . | . . Level 4 . | . . Level 5 . | . . High Security . | . . Max Security . | . . Peak Influence 107 | 10 107 Initial . | . . Average 21 | . 27 Influence Increases 357 | 30 327 Destroy 0b10 Robot/C 200 | . 200 Destroy 0b10 Robot/NC 60 | 30 30 Destroy Leader 38 | . 38 Successful Hack 29 | . 29 Lose Combat Pursuer 30 | . 30 Influence Decreases 343 | 30 313 Time Decay 323 | 30 293 Lost Part 20 | . 20 Squads Dispatched . | . . Investigation . | . . Extermination . | . . Reinforcement . | . . Assault . | . . Garrison . | . . Intercept . | . . Searches Triggered . | . . Construction Impeded . | . . Haulers Reinforced . | . . Active Scanning Responses . | . . Cargo Convoy Interrupts . | . . Stealth | -11 -10 --------- Run | Yrd Mat Distress Signals 1 | . 1 Communications Jammed . | . . Distress Signals . | . . Times Spotted 24 | . 24 Peak Tracking Total 4 | . 4 Tactical Retreats 2 | . 2 Traps | -11 -10 ------- Run | Yrd Mat Traps Triggered . | . . Indirectly . | . . Trap Hack Attempts . | . . Triggered . | . . Disarmed . | . . Reprogrammed . | . . Reused . | . . Traps Extracted . | . . Installed . | . . Triggered . | . . Machines | -11 -10 ---------- Run | Yrd Mat Machines Disabled . | . . Max in Single Turn . | . . Machines Repaired . | . . Machines Dismantled . | . . Machines Sabotaged . | . . Overloaded Fab Kills . | . . Hacking | -11 -10 --------- Run | Yrd Mat Machines Accessed 5 | . 5 Terminals 5 | . 5 Fabricators . | . . Repair Stations . | . . Recycling Units . | . . Scanalyzers . | . . Garrison Access . | . . Total Hacks 19 | . 19 Successful 10 | . 10 Failed 9 | . 9 Catastrophic 1 | . 1 Database Lockouts . | . . Manual 14 | . 14 Terminals 19 | . 19 Fabricators . | . . Repair Stations . | . . Recycling Units . | . . Scanalyzers . | . . Garrison Access . | . . Terminal Hacks 3 | . 3 Registered Components 1 | . 1 Zone Layout 2 | . 2 Fabricator Hacks . | . . Repair Station Hacks . | . . Recycling Unit Hacks . | . . Scanalyzer . | . . Garrison Access Hacks . | . . Unauthorized Hacks 7 | . 7 Terminals 7 | . 7 Botnet 3 | . 3 Skim 4 | . 4 Fabricators . | . . Repair Stations . | . . Recycling Units . | . . Scanalyzers . | . . Garrison Access . | . . Data Cores Recovered . | . . Used . | . . Hacking Detections 5 | . 5 Full Trace Events . | . . Feedback Events . | . . Feedback Blocked . | . . Robot Schematics Acquired . | . . Robots Built . | . . Authchips . | . . Time . | . . Total Robot Build Rating . | . . Part Schematics Acquired . | . . Parts Built . | . . Authchips . | . . Time . | . . Total Part Build Rating . | . . Part Studies Acquired . | . . Parts Repaired . | . . Time . | . . Parts Recycled . | . . Recycled Matter . | . . Retrieved Matter . | . . Retrieved Components . | . . Parts Scanalyzed . | . . Part Schematics Acquired . | . . Parts Damaged . | . . Bothacking | -11 -10 ------------ Run | Yrd Mat Used RIF Installer . | . . Robots Hacked . | . . Non-combat . | . . Combat . | . . Robot Hacks Applied . | . . Relay Couplers Released . | . . Fabnet Peak Effective % . | . . Robots Rewired . | . . Allies Hacked . | . . Hacks Repelled . | . . Allies | -11 -10 -------- Run | Yrd Mat Total Allies . | . . Largest Group . | . . Highest-Rated Group . | . . Highest-Rated Ally . | . . Total Orders . | . . Ally Attacks . | . . Total Damage . | . . Kills . | . . Allies Corrupted . | . . Allies Melted . | . . Intel | -11 -10 ------- Run | Yrd Mat Active Infowar (turns) 362 | 259 103 Terrain 177 | 177 . Seismic 185 | 82 103 Robot Analysis Total . | . . Derelict Logs Recovered . | . . Drone Launches . | . . Drone Recoveries . | . . Exploration | -11 -10 ------------- Run | Yrd Mat Turns Passed 1544 | 355 1189 Spaces Moved 797 | 226 571 Core 19 | 14 5 Treads 379 | . 379 Legs 399 | 212 187 Wheels . | . . Hover . | . . Flight . | . . Fastest Speed 50 | 50 100 Average Speed 138 | 115 147 Slowest Speed 250 | 120 250 Overloaded Moves . | . . Propulsion Burnouts . | . . Robots Hopped . | . . Potential Cave-ins . | . . Cave-ins Triggered . | . . Exploration Rate (%) 41 | 8 75 Regions Visited 1 Branch Regions . Pre-discovered Areas . | . . Known Exits Taken . | . . Unknown Exits Taken 1 | 1 . Scrap Searched . | . . Spaces Dug . | . . Terrain Destroyed . | . . Melee . | . . Projectile . | . . AOE . | . . Terrain Rammed . | . . Walls Destroyed . | . . Machines Disabled . | . . Actions | -11 -10 --------- Run | Yrd Mat Total 1036 | 267 769 Wait 45 | . 45 Move 796 | 225 571 Hop . | . . Pick Up 17 | 8 9 Fast Attach 22 | 7 15 Attach . | . . Detach 1 | . 1 Swap 4 | 2 2 Drop 18 | . 18 Fire 130 | 24 106 Melee . | . . Ram . | . . Kick 3 | 1 2 Crush . | . . Escape Stasis . | . . Rewire . | . . Trap . | . . Miscellaneous . | . . Route ------- -11/Scrapyard -10/Materials (discovered 4 exits: [*Mat] / [*Min x2] / [*Sub]) History --------- Turn | Location | Event 2 | -11/Scrapyard | Discovered new exit (range 16) 356 | -11/Scrapyard | Entered Materials 357 | -10/Materials | Build established: Mutant 357 | -10/Materials | Met a group of wandering Federalists 408 | -10/Materials | Discovered new exit (range 16) 432 | -10/Materials | Angered wandering Federalists 685 | -10/Materials | Core integrity fell below 50% 731 | -10/Materials | Lost 5 parts (1p2n2w) 828 | -10/Materials | Discovered new exit (range 14) 1153 | -10/Materials | Discovered new exit (range 15) 1416 | -10/Materials | Discovered new exit (range 12) 1537 | -10/Materials | Core integrity fell below 20% 1545 | -10/Materials | Destroyed by G-47 Trooper with Particle Gun Last Messages --------------- 01392_ Acquired 2 matter. 01394_ K-01 Serf collects debris. 01395_ Acquired Assault Rifle. 01398_ K-01 Serf collects debris. 01400_ Acquired Assault Rifle. 01401_ K-01 Serf collects debris. 01401_ Acquired 11 matter. 01405_ K-01 Serf collects debris. 01414_ Connecting with Terminal... >>Trojan(Skim) Trojan loaded successfully. Testing... Terminal linked with 3 systems. Please expand to 1 more system! 01416_ K-01 Serf collects debris. 01416_ EXIT=FOUND 01453_ K-01 Serf cleans the Terminal. 01459_ Acquired Core Shielding. 01465_ K-01 Serf cleans the Terminal. 01531_ G-34 Mercenary destroyed. Map ----- +----------------------------------------------------+ | ########## ###############+########## | | # ## % % | | # " ## ^ % | | # """ ## """ % % | | # """ ## "T" #########+######+##### | | # """ # ^ ^ # # #??? ??? | | # "" # # """ # #????"" ?? | | # """ + + """ # #?????" #? | | # "" = # # """ # #?????? #? | | # "" # ! # # #?????? #? | | # " ######## # """ # #???????#? | | # # + # """ # ########## | | ######### """ # + """ # / * | | ????????# """ # # # ########## | | ????????# """ ## ## """ ############??# | | ????????# ## ## """ ???# """ #??# | | ????????# """ ## #? ""?????# """ #??# | | ????????# """ ## #? ??????# """ #??? | | ????????# """ ## #?###??????# ! #??? | | ????????# ## #????####### =%! #??? | | ????????# """ ## #????# ! ##+######### | | ????????# """ ## ###### =!%* #= | | ????????# """ ## " % !%!!%%%* | | ????????# ## ### %!!%!!*# | | ????????######### #?# ######### ## | | ?????????# @ #?#######???????# #? | | ?????????# # k #???????????????# #? | | ?????????#"" # #######?????????#%#? | | ?????????#"Y ?# #???#######+## | | ?????????#"" ?# #???# | | ?????????# ??# =[#???# | | ?????????#####??# g%*#???# | | ????????????????# ! #???# | | ????????????????# ##%#???# """ | | ????????????????#+##+##+## #???# """ | | ????????????????# = # #???# ** """ | | ?????############ # #???# * | | ?????# # # #???#####+#### | | ?????# # """ # #??## | | ?????# + """"" # #??#T | | ?????# # """"" #+##### % | | ?????# #### """"" # # | | ?????# #??# """ # # ^ | | ?????# #??# # # """ ^ | | ?????# #??########## + """ | | ?????# #?? ## # """ | | ?????# ### "T" ## # | | ?????# # ## + | | ?????# + """ ########+## ^ | | ?????# # """"" #??# """ # | +----------------------------------------------------+ Best States ------------- Heat Dissipation 39 Energy Generation 10 Energy Capacity 250 Matter Stores 300 Matter Capacity 300 Sight Range 16 Terrain Scan Range 16 Terrain Scan Density 10 Core Shielding 20 Evasion (%) 55 Recoil Reduction 2 Item Schematics ----------------- None Robot Schematics ------------------ None Fabricated ------------ Nothing Repaired ---------- Nothing Studied --------- None Alien Tech Used ----------------- None Achievements -------------- None Challenges ------------ None Game ------ Seed ControlExplosiveBay Manual? 0 Play Time 00:10:01 Cumulative 275.3 hours Start 2025.11.07 @ 20:00:10 End 2025.11.09 @ 22:38:33 Sessions 4 Manual Loads 0 Difficulty Rogue Special Mode None Game No. 312 Rogue 312 Adventurer 0 Explorer 0 Win Type - Total 4 Types 4/0/0/0/0/0/0/0/0/0 Lore% 77 Gallery% 71 Achievement% 54 Wizard Run 0 Options --------- Layout 2 ASCII 0 Keyboard 1 Movement Vi Keybinds 0 Fullscreen 1 Font 20/SmallcapsGlow Map View 64x51 Zoom Use 0% Tactical HUD 1 Map Filters NONE Filters NONE Steam X RUN: 3e493df7-0172-406f-a9a2-0643db555ff4